MWL (24 & UNDER)
WISCONSIN RAPIDS RANGERS @ MINNESOTA DEATH STARS
08/23/2027
 
TOP OF THE 1ST
Wisconsin Rapids Rangers batting - Pitching for Minnesota Death Stars : RHP Stan Payne
Pitching: RHP Stan Payne
Batting: LHB Ronald Gordon 0-0: Foul Ball, location: 2F
0-1: Foul Ball, location: 2F
0-2: Ball
1-2: SINGLE (Groundball, 4D)
Batting: LHB Javier Mejía 0-0: Ball
1-0: Called Strike
1-1: Fielders Choice at 2nd, 6-4 (Groundball, 6)
Batting: RHB Wilfred Martin 0-0: Grounds into double play, 4-6-3 (Groundball, 4)
Top of the 1st over - 0 run(s), 1 hit(s), 0 error(s), 0 left on base; Wisconsin Rapids 0 - Minnesota 0
BOTTOM OF THE 1ST
Minnesota Death Stars batting - Pitching for Wisconsin Rapids Rangers : RHP Juan Contreras
Pitching: RHP Juan Contreras
Batting: RHB William Robinson 0-0: Foul Ball, location: 2F
0-1: Foul Ball, location: 2F
0-2: Strikes out swinging
Batting: LHB Júlio Córdova 0-0: Ball
1-0: Ball
2-0: Called Strike
2-1: Ground out U3 (Groundball, 34S)
Batting: RHB Gabriel Ángel 0-0: Ball
1-0: Swinging Strike
1-1: Swinging Strike
1-2: Foul Ball, location: 2F
1-2: Ball
2-2: SINGLE (Line Drive, 78S)
Batting: RHB Raúl Flores 0-0: Fly out, F8 (Line Drive, 8LD)
Bottom of the 1st over - 0 run(s), 1 hit(s), 0 error(s), 1 left on base; Wisconsin Rapids 0 - Minnesota 0
TOP OF THE 2ND
Wisconsin Rapids Rangers batting - Pitching for Minnesota Death Stars : RHP Stan Payne
Batting: LHB Luis Rodríguez 0-0: Called Strike
0-1: Ground out 6-3 (Groundball, 6)
Batting: LHB Ángelo Lara 0-0: Called Strike
0-1: Ball
1-1: Swinging Strike
1-2: Strikes out looking
Batting: SHB Jacob Wilcox 0-0: Called Strike
0-1: Called Strike
0-2: Strikes out swinging
Top of the 2nd over - 0 run(s), 0 hit(s), 0 error(s), 0 left on base; Wisconsin Rapids 0 - Minnesota 0
BOTTOM OF THE 2ND
Minnesota Death Stars batting - Pitching for Wisconsin Rapids Rangers : RHP Juan Contreras
Batting: LHB Shannon Hunter 0-0: Swinging Strike
0-1: Ball
1-1: Ball
2-1: Fly out, F8 (Flyball, 8LM)
Batting: RHB José Rosales 0-0: Ball
1-0: Foul Ball, location: 2F
1-1: Ball
2-1: SINGLE (Groundball, 56D)
Batting: LHB Matt Ruskin 0-0: Called Strike
0-1: Swinging Strike
0-2: Ball
1-2: Ball
2-2: Ball
3-2: Base on Balls
José Rosales to second
Batting: LHB Tim Griffith 0-0: Ball
1-0: Fielders Choice at 2nd, 1-6 (Groundball, 13S)
José Rosales to third
Batting: RHB Vaughan Tillman 0-0: Ball
1-0: SINGLE (Groundball, 56D)
José Rosales scores
Tim Griffith to second
Batting: RHB William Robinson 0-0: Fielders Choice at 2nd, 4-6 (Groundball, 4)
Bottom of the 2nd over - 1 run(s), 2 hit(s), 0 error(s), 1 left on base; Wisconsin Rapids 0 - Minnesota 1
TOP OF THE 3RD
Wisconsin Rapids Rangers batting - Pitching for Minnesota Death Stars : RHP Stan Payne
Batting: LHB Jean-Sébastien Beaudin 0-0: Ground out 5-3 (Groundball, 56S)
Batting: RHB Carlos Miranda 0-0: Ball
1-0: Called Strike
1-1: Ball
2-1: Ball
3-1: SINGLE (Groundball, 34D)
Batting: RHB Ambrose Brown 0-0: Ball
Carlos Miranda is caught stealing 2nd base
1-0: Called Strike
1-1: Ball
2-1: Swinging Strike
2-2: Foul Ball, location: 2F
2-2: Ball
3-2: Foul Ball, location: 2F
3-2: Foul Ball, location: 2F
3-2: Strikes out swinging
Top of the 3rd over - 0 run(s), 1 hit(s), 0 error(s), 0 left on base; Wisconsin Rapids 0 - Minnesota 1
BOTTOM OF THE 3RD
Minnesota Death Stars batting - Pitching for Wisconsin Rapids Rangers : RHP Juan Contreras
Batting: LHB Júlio Córdova 0-0: SINGLE (Flyball, 78S)
Batting: RHB Gabriel Ángel 0-0: Swinging Strike
0-1: Foul Ball, location: 2F
0-2: Ball
1-2: Ball
2-2: Strikes out swinging
Batting: RHB Raúl Flores 0-0: Called Strike
Júlio Córdova steals 2nd base
0-1: SINGLE (Line Drive, 9S)
Júlio Córdova to third
Batting: LHB Shannon Hunter 0-0: Called Strike
0-1: Ball
1-1: Foul Ball, location: 2F
1-2: Ball
2-2: Ball
3-2: Strikes out swinging
Raúl Flores is caught stealing 2nd base
Batter strikes out.
Bottom of the 3rd over - 0 run(s), 2 hit(s), 0 error(s), 1 left on base; Wisconsin Rapids 0 - Minnesota 1
TOP OF THE 4TH
Wisconsin Rapids Rangers batting - Pitching for Minnesota Death Stars : RHP Stan Payne
Batting: LHB Ronald Gordon 0-0: Foul Ball, location: 2F
0-1: Swinging Strike
0-2: Strikes out swinging
Batting: LHB Javier Mejía 0-0: Called Strike
0-1: Ball
1-1: Ball
2-1: Ball
3-1: Base on Balls
Batting: RHB Wilfred Martin 0-0: Called Strike
0-1: Ball
1-1: Fly out, F9 (Flyball, 89S)
Batting: LHB Luis Rodríguez 0-0: Ball
1-0: Swinging Strike
1-1: SINGLE (Groundball, 34D)
Javier Mejía to second
Runner from 2nd tries for 3rd, SAFE, throw made to third
Pinch Runner at 3rd Luis López:
Batting: LHB Ángelo Lara 0-0: Foul Ball, location: 2F
0-1: Ball
1-1: Ball
2-1: Called Strike
2-2: Foul Ball, location: 2F
2-2: Ball
3-2: Foul Ball, location: 2F
3-2: Strikes out swinging
Top of the 4th over - 0 run(s), 1 hit(s), 0 error(s), 2 left on base; Wisconsin Rapids 0 - Minnesota 1
BOTTOM OF THE 4TH
Minnesota Death Stars batting - Pitching for Wisconsin Rapids Rangers : RHP Juan Contreras
Now in LF: Luis López
Batting: RHB José Rosales 0-0: Ground out 6-3 (Groundball, 6)
Batting: LHB Matt Ruskin 0-0: Ball
1-0: Called Strike
1-1: Foul Ball, location: 2F
1-2: Ball
2-2: Foul Ball, location: 2F
2-2: Foul Ball, location: 2F
2-2: Fly out, F7 (Flyball, 7)
Batting: LHB Tim Griffith 0-0: Called Strike
0-1: Ball
1-1: Ball
2-1: Foul Ball, location: 2F
2-2: Ball
3-2: Strikes out swinging
Bottom of the 4th over - 0 run(s), 0 hit(s), 0 error(s), 0 left on base; Wisconsin Rapids 0 - Minnesota 1
TOP OF THE 5TH
Wisconsin Rapids Rangers batting - Pitching for Minnesota Death Stars : RHP Stan Payne
Batting: SHB Jacob Wilcox 0-0: Foul Ball, location: 2F
0-1: Ball
1-1: Ball
2-1: Swinging Strike
2-2: Ball
3-2: Base on Balls
Batting: LHB Jean-Sébastien Beaudin 0-0: Called Strike
0-1: Ball
1-1: Fielders Choice at 2nd, 4-6 (Groundball, 4)
Batting: RHB Carlos Miranda 0-0: Ball
1-0: Ball
2-0: Swinging Strike
2-1: Called Strike
2-2: SINGLE (Line Drive, 4MD)
Jean-Sébastien Beaudin to second
Batting: RHB Ambrose Brown 0-0: Ball
1-0: Called Strike
1-1: Ball
2-1: Reached via error on a dropped throw, E6
Jean-Sébastien Beaudin to third
Carlos Miranda to second
Batting: LHB Ronald Gordon 0-0: Called Strike
0-1: Grounds into double play, 6-4-3 (Groundball, 6)
Top of the 5th over - 0 run(s), 1 hit(s), 1 error(s), 2 left on base; Wisconsin Rapids 0 - Minnesota 1
BOTTOM OF THE 5TH
Minnesota Death Stars batting - Pitching for Wisconsin Rapids Rangers : RHP Juan Contreras
Batting: RHB Vaughan Tillman 0-0: Called Strike
0-1: Swinging Strike
0-2: Ball
1-2: Hit by Pitch
Batting: RHB William Robinson 0-0: Ball
1-0: Foul Ball, location: 2F
1-1: Fly out, F9 (Line Drive, 9)
Batting: LHB Júlio Córdova 0-0: Fielders Choice at 2nd, 4-6 (Groundball, 34)
Batting: RHB Gabriel Ángel 0-0: Ball
Wild Pitch!
Júlio Córdova to second
1-0: Ball
2-0: Swinging Strike
2-1: Ball
3-1: SINGLE (Groundball, 56D)
Júlio Córdova to third
Runner from 3rd tries for Home, SAFE, no throw
Pitching: RHP Sixto Domínguez
Batting: RHB Raúl Flores 0-0: DOUBLE (Flyball, 8RD)
Gabriel Ángel to third
Batting: LHB Shannon Hunter 0-0: Called Strike
0-1: Ball
1-1: Ball
2-1: Foul Ball, location: 2F
2-2: Strikes out swinging
Bottom of the 5th over - 1 run(s), 2 hit(s), 0 error(s), 2 left on base; Wisconsin Rapids 0 - Minnesota 2
TOP OF THE 6TH
Wisconsin Rapids Rangers batting - Pitching for Minnesota Death Stars : RHP Stan Payne
Batting: RHB Luis López 0-0: Foul Ball, location: 2F
0-1: Fly out, F9 (Line Drive, 9S)
Batting: RHB Wilfred Martin 0-0: SOLO HOME RUN (Line Drive, 78XD), Distance : 398 ft
Batting: LHB Luis Rodríguez 0-0: Ball
1-0: Called Strike
1-1: Called Strike
1-2: Ball
2-2: SINGLE (Line Drive, 9LS)
Batting: LHB Ángelo Lara 0-0: Ball
1-0: Ball
2-0: Ball
3-0: Called Strike
3-1: Fly out, F8 (Flyball, 78M)
Pitching: RHP Jerry Catron
Batting: SHB Jacob Wilcox 0-0: Swinging Strike
0-1: Swinging Strike
0-2: Strikes out swinging
Top of the 6th over - 1 run(s), 2 hit(s), 0 error(s), 1 left on base; Wisconsin Rapids 1 - Minnesota 2
BOTTOM OF THE 6TH
Minnesota Death Stars batting - Pitching for Wisconsin Rapids Rangers : RHP Sixto Domínguez
Batting: RHB José Rosales 0-0: SINGLE (Flyball, 9LM) - OUT at second base trying to stretch hit.
Batting: LHB Matt Ruskin 0-0: Foul Ball, location: 2F
0-1: Called Strike
0-2: Strikes out swinging
Batting: LHB Tim Griffith 0-0: Swinging Strike
0-1: Foul Ball, location: 2F
0-2: Ball
1-2: Ball
2-2: Ball
3-2: Strikes out swinging
Bottom of the 6th over - 0 run(s), 1 hit(s), 0 error(s), 0 left on base; Wisconsin Rapids 1 - Minnesota 2
TOP OF THE 7TH
Wisconsin Rapids Rangers batting - Pitching for Minnesota Death Stars : RHP Jerry Catron
Batting: LHB Jean-Sébastien Beaudin 0-0: Swinging Strike
0-1: Ball
1-1: Ball
2-1: Called Strike
2-2: Ball
3-2: Foul Ball, location: 2F
3-2: Strikes out swinging
Batting: RHB Carlos Miranda 0-0: Ball
1-0: Ball
2-0: Swinging Strike
2-1: Ball
3-1: Swinging Strike
3-2: SINGLE (Line Drive, 8LS)
Batting: RHB Ambrose Brown 0-0: Ball
1-0: Foul Ball, location: 2F
1-1: Foul Ball, location: 2F
1-2: Strikes out swinging
Batting: LHB Ronald Gordon 0-0: Ball
1-0: Ball
2-0: Foul Ball, location: 2F
2-1: Ground out 5-3 (Groundball, 56)
Top of the 7th over - 0 run(s), 1 hit(s), 0 error(s), 1 left on base; Wisconsin Rapids 1 - Minnesota 2
BOTTOM OF THE 7TH
Minnesota Death Stars batting - Pitching for Wisconsin Rapids Rangers : RHP Sixto Domínguez
Batting: RHB Vaughan Tillman 0-0: Ball
1-0: Foul Ball, location: 2F
1-1: Ball
2-1: Fly out, F8 (Line Drive, 8LXD)
Batting: RHB William Robinson 0-0: Ball
1-0: Foul Ball, location: 2F
1-1: Foul Ball, location: 2F
1-2: Foul Ball, location: 2F
1-2: Strikes out swinging
Batting: LHB Júlio Córdova 0-0: Swinging Strike
0-1: Ball
1-1: Swinging Strike
1-2: SINGLE (Line Drive, 4MD)
Batting: RHB Gabriel Ángel 0-0: Ball
Júlio Córdova is caught stealing 2nd base
Bottom of the 7th over - 0 run(s), 1 hit(s), 0 error(s), 0 left on base; Wisconsin Rapids 1 - Minnesota 2
TOP OF THE 8TH
Wisconsin Rapids Rangers batting - Pitching for Minnesota Death Stars : RHP Jerry Catron
Batting: RHB Luis López 0-0: Ball
1-0: Ground out U3 (Groundball, 3)
Batting: RHB Wilfred Martin 0-0: Foul Ball, location: 2F
0-1: Fly out, F8 (Flyball, 8RM)
Pitching: LHP Kurt Brown
Batting: LHB Luis Rodríguez 0-0: Ball
1-0: Ball
2-0: Ball
3-0: Called Strike
3-1: Foul Ball, location: 2F
3-2: Base on Balls
Batting: LHB Ángelo Lara 0-0: Ball
1-0: Ground out 4-3 (Groundball, 34)
Top of the 8th over - 0 run(s), 0 hit(s), 0 error(s), 1 left on base; Wisconsin Rapids 1 - Minnesota 2
BOTTOM OF THE 8TH
Minnesota Death Stars batting - Pitching for Wisconsin Rapids Rangers : RHP Sixto Domínguez
Batting: RHB Gabriel Ángel 0-0: Called Strike
0-1: DOUBLE (Flyball, 89M)
Batting: RHB Raúl Flores 0-0: Intentional Walk
Pinch Hitting: RHB Earl Godwin 0-0: Fielders Choice at 2nd, 5-4 (Groundball, 56)
Gabriel Ángel to third
Batting: RHB José Rosales 0-0: Called Strike
Earl Godwin steals 2nd base
0-1: SINGLE (Groundball, 6) (infield hit)
Gabriel Ángel scores
Earl Godwin to third
Pinch Hitting: RHB Mike Wagner 0-0: Foul Ball, location: 2F
0-1: Swinging Strike
0-2: Ball
1-2: Foul Ball, location: 2F
1-2: Ball
2-2: Strikes out swinging
Pinch Hitting: RHB Christian Moss 0-0: Foul Ball, location: 2F
0-1: Foul Ball, location: 2F
0-2: Ball
1-2: Foul Ball, location: 2F
1-2: Strikes out swinging
Bottom of the 8th over - 1 run(s), 2 hit(s), 0 error(s), 2 left on base; Wisconsin Rapids 1 - Minnesota 3
TOP OF THE 9TH
Wisconsin Rapids Rangers batting - Pitching for Minnesota Death Stars : LHP Kurt Brown
Pitching: RHP Alfredo Cabral
Now at C: Christian Moss
Now at SS: Earl Godwin
Now in CF: Mike Wagner
Batting: SHB Jacob Wilcox 0-0: Ball
1-0: Ball
2-0: Fly out, F4 (Line Drive, 4)
Batting: LHB Jean-Sébastien Beaudin 0-0: Called Strike
0-1: Called Strike
0-2: Ball
1-2: Ball
2-2: Foul Ball, location: 2F
2-2: Fly out, F9 (Line Drive, 9)
Batting: RHB Carlos Miranda 0-0: Fly out, F8 (Flyball, 8LS)
Top of the 9th over - 0 run(s), 0 hit(s), 0 error(s), 0 left on base; Wisconsin Rapids 1 - Minnesota 3
Thursday, March 30th, 2017 - OOTP Baseball 17.12 Build 75